 Dungeon Crawl Stone Soup version 0.25-a0-566-g062765b (webtiles) character file.

Game seed: 3842485801394706676, levelgen mode: deterministic

535 Atlas the Insei (level 7, 0/53 HPs)
             Began as a Demonspawn Monk on Feb 27, 2020.
             Was a Believer of Makhleb.
             Slain by an ogre
             ... wielding a +0 giant club
              (19 damage)
             ... on level 5 of the Dungeon.
             The game lasted 00:04:47 (4837 turns).

Atlas the Insei (Demonspawn Monk)                   Turns: 4837, Time: 00:04:48

Health: 0/53       AC:  5    Str: 13    XL:     7   Next: 4%
Magic:  7/7        EV: 19    Int: 11    God:    Makhleb [**....]
Gold:   250        SH:  0    Dex: 16    Spells: 6/6 levels left

rFire    + . .     SeeInvis .     - Unarmed
rCold    . . .     Gourm    .   (no shield)
rNeg     . . .     Faith    .   c - +0 ring mail
rPois    .         Spirit   .   (no helmet)
rElec    .         Reflect  .   (no cloak)
rCorr    .         Harm     .   (no gloves)
MR       .....                  (no boots)
Stlth    ++........             v - amulet of magic regeneration
HPRegen  0.17/turn              o - +2 ring of evasion
MPRegen  0.35/turn              s - ring of protection from fire

@: agile
A: hooves 1, foul stench 1, powered by pain 1, rot immunity
a: Minor Destruction, Renounce Religion


You were on level 5 of the Dungeon.
You worshipped Makhleb.
Makhleb was pleased with you.
You were not hungry.

You visited 2 branches of the dungeon, and saw 6 of its levels.

You collected 250 gold pieces.

Inventory:

Armour
 c - a +0 ring mail (worn)
Jewellery
 i - an uncursed ring of positive energy
 o - a +2 ring of evasion (left hand)
 s - a ring of protection from fire (right hand)
 v - an amulet of magic regeneration (around neck)
Wands
 j - a wand of random effects (26)
 y - a wand of iceblast (7)
Scrolls
 e - a scroll of remove curse
 f - a scroll of noise {unknown}
 h - 3 scrolls of enchant weapon {unknown}
 k - 4 scrolls of teleportation {unknown}
 l - a scroll of amnesia {unknown}
 n - a scroll of magic mapping {unknown}
 q - a scroll of immolation {unknown}
 r - 3 scrolls of identify {unknown}
 u - a scroll of enchant armour {unknown}
 z - a scroll of blinking {unknown}
 B - a scroll of silence {unknown}
Potions
 a - a potion of brilliance {unknown}
 d - 2 potions of lignification
 g - a potion of resistance {unknown}
 m - a potion of degeneration {unknown}
 p - a potion of might {unknown}
 t - a potion of curing
 w - a potion of cancellation {unknown}
 A - a potion of flight {unknown}
Comestibles
 b - 12 rations


   Skills:
 + Level 3.7 Fighting
 + Level 3.0 Armour
 + Level 3.7 Dodging
 + Level 3.0 Stealth
 + Level 5.0 Unarmed Combat
 + Level 0.2 Evocations


You had 6 spell levels left.
You didn't know any spells.
Your spell library was empty.

Dungeon Overview and Level Annotations

Branches:
Dungeon (5/15)             Temple (1/1) D:4

Altars:
Ashenzari
Cheibriados
Elyvilon
Makhleb
Okawaru
Qazlal
Ru
Xom
Yredelemnul
The Shining One


Innate Abilities, Weirdness & Mutations

You have large cloven feet.
You may emit foul miasma when damaged in melee.
You sometimes gain a little power by taking damage.
You are immune to rotting.


Message History

You feel agile all of a sudden.
You barely miss the ogre. You kick the ogre, but do no damage.
The ogre is moderately wounded.
The ogre hits you with a +0 giant club!!
* * * LOW HITPOINT WARNING * * *
The ogre looks sick.
You are too injured to fight recklessly!
You are too injured to fight recklessly!
You are too injured to fight recklessly!
You are too injured to fight recklessly!
You are too injured to fight recklessly!
You barely miss the ogre.
The ogre is moderately wounded.
The ogre closely misses you.
You hit the ogre but do no damage. You kick the ogre.
The ogre is moderately wounded.
You hit the ogre. Your kick misses the ogre.
The ogre is heavily wounded.
The ogre hits you with a +0 giant club!!
You die...

# # # # # ########## ########
.........########......#
########.......O@......#
##########).....# #.......#
####.......# . ###
##..........# ..
..#####..########## ..#
#.#.........########### #.#
#.#............##.....##
....##......................##


You could see an ogre.

Vanquished Creatures
  A hungry ghost (D:3)
  An ogre (D:5)
  An orc priest (D:3)
  A hound (D:4)
  2 orc wizards
  Ijyb (D:4)
  6 adders
  An ooze (D:1)
  An adder zombie (D:5)
  2 worms (D:4)
  3 dart slugs
  3 leopard geckos (D:1)
  10 orcs
  5 bats
  2 giant cockroaches
  9 goblins
  11 hobgoblins
  7 jackals
  A quokka (D:3)
  A ball python (D:1)
  4 frilled lizards
  4 kobolds
  6 rats
83 creatures vanquished.

Notes
Turn   | Place    | Note
-------+----------+-------------------------------------------
     0 | D:1      | Atlas the Demonspawn Monk began the quest for the Orb.
     0 | D:1      | Reached XP level 1. HP: 18/18 MP: 1/1
   252 | D:1      | Gained mutation: You are immune to rotting. [demonic
                  | ancestry]
   252 | D:1      | Reached XP level 2. HP: 12/24 MP: 2/2
   625 | D:1      | Reached skill level 3 in Unarmed Combat
   985 | D:1      | Gained mutation: You have large cloven feet. [demonic
                  | ancestry]
   985 | D:1      | Reached XP level 3. HP: 27/29 MP: 3/3
  1234 | D:1      | Found a glowing golden altar of the Shining One.
  2298 | D:2      | Reached XP level 4. HP: 35/35 MP: 4/4
  3075 | D:3      | Reached skill level 1 in Armour
  3094 | D:3      | Gained mutation: You sometimes gain a little power by
                  | taking damage. [demonic ancestry]
  3094 | D:3      | Reached XP level 5. HP: 37/41 MP: 5/5
  3520 | D:4      | Noticed Ijyb
  3550 | D:4      | Killed Ijyb
  3550 | D:4      | Reached skill level 4 in Unarmed Combat
  3986 | D:4      | Noticed a hungry ghost
  4059 | D:3      | Killed a hungry ghost
  4059 | D:3      | Reached XP level 6. HP: 32/47 MP: 6/6
  4167 | D:4      | Found a staircase to the Ecumenical Temple.
  4180 | Temple   | Entered the Ecumenical Temple
  4200 | Temple   | Became a worshipper of Makhleb the Destroyer
  4200 | Temple   | Reached * piety under Makhleb
  4200 | Temple   | Reached ** piety under Makhleb
  4593 | D:5      | Entered Level 5 of the Dungeon
  4734 | D:5      | Reached skill level 5 in Unarmed Combat
  4734 | D:5      | Gained mutation: You may emit foul miasma when damaged in
                  | melee. [demonic ancestry]
  4734 | D:5      | Reached XP level 7. HP: 47/53 MP: 7/7
  4837 | D:5      | Slain by an ogre

Levels and vault maps discovered:
D:1:      giann_wishing_wells, layout_loops_cross, serial_forest,
          infiniplex_forest_lined_4_way, infiniplex_forest_end_double,
          infiniplex_forest_straight_3, infiniplex_forest_clump_medium,
          infiniplex_forest_end_2, tso_metal_star
D:2:      layout_basic
D:3:      layout_rooms
D:4:      layout_rooms, minmay_temple_entry_grid, first_ration,
          minmay_crystal_room, grunt_ministairs_1, uniq_ijyb
D:5:      layout_rooms, kennysheep_small_spiral
Temple:   compressed_dpeg_circular_temple

Skill      XL: |  1  2  3  4  5  6 |
---------------+-------------------+-----
Unarmed Combat | 3 4 5 |  5.0
Dodging        | 3 |  3.7
Stealth        | 2 3 |  3.0
Armour         | 1 2 3 |  3.0
Fighting       | |  3.7
Evocations     | |  0.2

Action                   |  1- 3 |  4- 6 |  7- 9 || total
-------------------------+-------+-------+-------++-------
Melee: Unarmed           |   160 |   191 |    13 ||   364
       Kick              |    14 |    39 |     2 ||    55
       Punch             |     1 |     4 |       ||     5
Evoke: Wand              |       |     3 |       ||     3
  Use: Potion            |       |     2 |       ||     2
       Scroll            |       |     1 |       ||     1
 Stab: Sleeping          |     9 |     1 |       ||    10
  Eat: Chunk             |     4 |     7 |     1 ||    12
       Ration            |       |     2 |       ||     2
Armor: Robe              |    23 |       |       ||    23
       Ring mail         |     8 |    44 |     2 ||    54
       Skin              |       |    15 |       ||    15
Dodge: Dodged            |   120 |   103 |     5 ||   228

Table legend:
 A = Non-vault XP
 B = Vault XP
 C = Vault XP percentage of total XP
 D = Non-vault monster count
 E = Vault monster count
 F = Vault count percentage of total count
                 A         B        C        D         E       F
            +---------+---------+-------+---------+---------+-------
      Total |     716 |      49 |   6.4 |      80 |       3 |   3.6
            +---------+---------+-------+---------+---------+-------
        D:1 |      52 |       0 |   0.0 |      25 |       0 |   0.0
        D:2 |      48 |       0 |   0.0 |      13 |       0 |   0.0
        D:3 |     351 |       0 |   0.0 |      29 |       0 |   0.0
        D:4 |     106 |      49 |  31.6 |       8 |       3 |  27.3
        D:5 |     159 |       0 |   0.0 |       5 |       0 |   0.0
            +---------+---------+-------+---------+---------+-------
